 Dungeon Crawl Stone Soup version 0.31.0-32-g396128a36d (webtiles) character file.

Game seed: 12008927433959499357

772 LichGlitch the Grave Robber (level 7, -7/52 HPs)
             Began as a Demonspawn Necromancer on Mar 19, 2024.
             Killed from afar by an orc wizard (12 damage)
             ... with a magic dart
             ... on level 5 of the Dungeon.
             The game lasted 00:13:22 (6929 turns).

LichGlitch the Grave Robber (DsNe)                  Turns: 6929, Time: 00:13:22

Health: -7/52      AC:  6    Str:  8    XL:     7   Next: 53%
Magic:  10/10      EV: 26    Int: 17    God:
Gold:   193        SH:  9    Dex: 14    Spells: 9/10 levels left

rFire   + . .        D - +1 whip (elec)
rCold   . . .        l - +0 buckler
rNeg    . . .        a - +0 robe
rPois   .            (no helmet)
rElec   .            (no cloak)
rCorr   .            (no gloves)
SInv    .            (no boots)
Will    +....        f - amulet of the acrobat
Stlth   ++           W - ring of willpower
HPRegen 0.28/turn    F - ring of protection from fire
MPRegen 0.12/turn

%: acrobat
@: acrobatic
A: icemail 1, powered by pain 1, condensation shield
a: no special abilities


You were on level 5 of the Dungeon.
You visited 1 branch of the dungeon, and saw 5 of its levels.

You collected 193 gold pieces.


Innate Abilities, Weirdness & Mutations

A meltable icy envelope protects you from harm. (AC +4)
You sometimes gain a little power by taking damage.
A meltable shield of frost defends you. (SH +4)


   Skills:
 + Level 3.1 Fighting
 - Level 1.4 Short Blades
 - Level 3.0 Maces & Flails
 - Level 1.7 Dodging
 - Level 3.0 Stealth
 - Level 4.0 Shields
 - Level 2.0 Spellcasting
 + Level 6.1 Necromancy


You had 9 spell levels left.
You knew the following spells:

 Your Spells              Type           Power      Damage    Failure   Level
X - Necrotise             Necr           88%        1d8       2%          1

Your spell library contained the following spells:

 Spells                   Type           Power      Damage    Failure   Level
 Vampiric Draining        Necr           22%        2d7       7%          3
 Kiss of Death            Conj/Necr      48%        2d9       9%          1
 Animate Dead             Necr           22%        N/A       24%         4
 Blink                    Tloc           2%         N/A       41%         2
 Lesser Beckoning         Tloc           2%         N/A       41%         2
 Momentum Strike          Conj/Tloc      2%         3d8       41%         2
 Curse of Agony           Necr           22%        N/A       54%         5

Inventory:

Hand Weapons
 d - a +0 dagger
 e - a +0 spear
 i - a +1 dagger of speed
 B - a +2 flail of venom
 C - a +1 whip of venom
 D - a +1 whip of electrocution (weapon)
 G - a +2 flail of draining
Missiles
 c - 4 javelins
 E - 2 poisoned darts
 I - a curare-tipped dart {=f}
Armour
 a - a +0 robe (worn)
 l - a +0 buckler (worn)
Magical Staves
 H - a staff of alchemy {!a}
Jewellery
 f - an amulet of the acrobat (around neck)
 w - a ring of willpower
 y - an amulet of magic regeneration
 F - a ring of protection from fire (right hand)
 W - a ring of willpower (left hand)
Wands
 z - a wand of roots (5)
 A - a wand of flame (9)
Scrolls
 g - a scroll of butterflies {unknown}
 h - a scroll of brand weapon {unknown}
 k - a scroll of fear {unknown}
 m - 2 scrolls of fog {unknown}
 n - a scroll of enchant armour {unknown}
 o - 2 scrolls of vulnerability {unknown}
 p - 3 scrolls of teleportation {unknown}
 s - 2 scrolls of noise {unknown}
 t - a scroll of revelation {unknown}
 u - a scroll of immolation {unknown}
Potions
 b - 3 potions of magic
 j - a potion of ambrosia {unknown}
 q - 2 potions of mutation
 r - 2 potions of degeneration
 v - a potion of invisibility
 x - 2 potions of curing {@q1}

Dungeon Overview and Level Annotations

Branches:
Dungeon (5/15)
 Temple: D:4-7

Altars:
Uskayaw
Yredelemnul

Annotations:
D:5 Menkaure

###############
#....[....o...#
#.#####.#####M#
#####.#####o# #.##
............# #o.#
#.##..####..# #..#
.......)...o#####..#
.###..#####.o{..@<.#
.....)# ####.#.#.#
.####.########.#.#.#
.# #)...........#.#
.# #.########.##.M.#
.# #.# #.#.....# .#
#.# #...B....#
.####.# #.....B....
......# #.........##


You could see Menkaure (fast), a bombardier beetle, an orc priest and 2 orcs.


Message History

You hit the adder but do no damage.
The adder is heavily wounded.
You block the adder's attack.
Unknown command.
You hit the adder. Lightning courses through the adder!
You kill the adder!
Unknown command.
You hit the iguana but do no damage. Lightning courses through the iguana!
You kill the iguana!
The orc priest invokes the aid of Beogh against you.
Beogh smites you!
* * * LOW HITPOINT WARNING * * *
You feel better. Something misses you. Something hits you.
* * * LOW HITPOINT WARNING * * *
Unknown command.
You hear some strange, mumbled words.
A puff of flame appears from out of thin air!
You block the puff of flame. Something hits you.
* * * LOW HITPOINT WARNING * * *
Something barely misses you.
A magic dart appears from out of thin air!
The magic dart hits you.
* * * LOW HITPOINT WARNING * * *
The orc shouts!
You hear a shout!
A magic dart appears from out of thin air!
The magic dart hits you!
You die...

Skill      XL: |  1  2  3  4  5  6  7 |
---------------+----------------------+-----
Fighting       | 1 2 3 |  3.1
Shields        | 1 2 3 4 |  4.0
Necromancy     | 5 6 |  6.1
Stealth        | 2 3 |  3.0
Short Blades   | 1 |  1.4
Maces & Flails | 1 3 |  3.0
Dodging        | |  1.7
Spellcasting   | |  2.0

Action                     |  1- 3 |  4- 6 |  7- 9 || total
---------------------------+-------+-------+-------++-------
  Melee: Unarmed           |    26 |       |       ||    26
         Dagger            |   114 |   414 |       ||   528
         Punch             |       |     1 |       ||     1
         Whip              |       |    40 |    48 ||    88
  Throw: Dart              |       |     7 |     2 ||     9
   Cast: Necrotise         |    37 |    61 |     4 ||   102
  Evoke: Wand              |       |     5 |       ||     5
    Use: Scroll            |       |     5 |       ||     5
         Potion            |       |       |     3 ||     3
   Stab: Sleeping          |     2 |    13 |       ||    15
         Distracted        |       |     1 |       ||     1
 Armour: Robe              |    74 |   197 |    34 ||   305
  Dodge: Dodged            |   103 |   246 |    31 ||   380
  Block: Other             |    32 |    57 |       ||    89
         Buckler           |       |    50 |    23 ||    73

Levels and vault maps discovered:
D:1:      evilmike_arrival_home_sweet_home, layout_rooms,
          shapermc_ecumenical_altar_rom_forum, minmay_pentomino_w4
D:2:      layout_basic, minmay_mini_jars
D:3:      layout_loops_cross, lemuel_zombie_altar_yredelemnul, minivault_11
D:4:      layout_basic, overflow_temple_1_default
D:5:      layout_loops_ring, uniq_edmund, uniq_menkaure

Notes
Turn   | Place    | Note
-------+----------+-------------------------------------------
     0 | D:1      | LichGlitch the Demonspawn Necromancer began the quest for
                  | the Orb.
     0 | D:1      | Reached XP level 1. HP: 13/13 MP: 3/3
   109 | D:1      | Reached skill level 1 in Fighting
   146 | D:1      | Gained mutation: A meltable shield of frost defends you.
                  | (SH +4) [demonic ancestry]
   146 | D:1      | Reached XP level 2. HP: 13/22 MP: 0/5
   364 | D:1      | Reached skill level 2 in Fighting
   616 | D:1      | Found a faded altar of an unknown god.
   630 | D:1      | Got Plato's Secrets of Blows
   788 | D:1      | Reached XP level 3. HP: 27/28 MP: 6/6
   867 | D:1      | Reached skill level 3 in Fighting
  1534 | D:2      | Reached skill level 1 in Shields
  1534 | D:2      | Reached skill level 5 in Necromancy
  1534 | D:2      | Gained mutation: A meltable icy envelope protects you from
                  | harm. (AC +4) [demonic ancestry]
  1534 | D:2      | Reached XP level 4. HP: 13/35 MP: 3/7
  2684 | D:3      | Reached XP level 5. HP: 39/41 MP: 5/8
  2807 | D:3      | Reached skill level 2 in Shields
  3344 | D:3      | Reached skill level 2 in Stealth
  3388 | D:3      | Found a basalt altar of Yredelemnul.
  4075 | D:4      | Reached XP level 6. HP: 17/47 MP: 0/9
  4982 | D:4      | Reached skill level 6 in Necromancy
  4983 | D:4      | Reached skill level 1 in Short Blades
  5018 | D:4      | Reached skill level 3 in Stealth
  5018 | D:4      | Reached skill level 3 in Shields
  5696 | D:4      | Found a hide-covered altar of Uskayaw.
  5778 | D:5      | Entered Level 5 of the Dungeon
  5853 | D:5      | HP: 3/47 [iguana (5)]
  5862 | D:5      | Reached skill level 1 in Maces & Flails
  6021 | D:5      | Noticed Edmund
  6037 | D:5      | Noticed Menkaure
  6184 | D:5      | Gained mutation: You sometimes gain a little power by
                  | taking damage. [demonic ancestry]
  6184 | D:5      | Reached XP level 7. HP: 6/52 MP: 6/10
  6662 | D:5      | Reached skill level 2 in Maces & Flails
  6662 | D:5      | Reached skill level 4 in Shields
  6712 | D:5      | Killed Edmund
  6713 | D:5      | Reached skill level 3 in Maces & Flails
  6918 | D:5      | HP: 1/52 [orc priest/divine providence (10)]
  6928 | D:5      | HP: 5/52 [something/magic dart (5)]
  6929 | D:5      | Killed from afar by an orc wizard

Vanquished Creatures
  Edmund (D:5)
  A wight (D:4)
  A bombardier beetle (D:5)
  A hound (D:2)
  A gnoll bouda (D:4)
  3 orc priests (D:4)
  3 iguanas (D:5)
  3 orc wizards
  A hound zombie (D:3)
  5 adders
  7 gnolls
  A shadow imp (D:4)
  An adder zombie (D:3)
  5 dart slugs
  4 ribbon worms
  15 orcs
  9 ball pythons
  6 bats
  8 endoplasms
  4 giant cockroaches
  8 goblins
  11 hobgoblins
  13 jackals
  5 quokkas
  2 frilled lizards
  7 kobolds
  6 rats
132 creatures vanquished.

Vanquished Creatures (collateral kills)
  3 ball pythons
3 creatures vanquished.

Grand Total: 135 creatures vanquished

Table legend: (Time is in decaauts)
 A = Elapsed time spent in this place.
 B = Non-inter-level travel time spent in this place.
 C = Inter-level travel time spent in this place.
 D = Time resting spent in this place.
 E = Time spent auto-exploring this place.
 F = Levels seen in this place.
 G = Mean time per level.
                   A        B        C        D        E       F      G
               +--------+--------+--------+--------+--------+-----+--------+
         Total |   6900 |   6697 |    203 |   2469 |   2743 |   5 | 1380.0 |
       Dungeon |   6900 |   6697 |    203 |   2469 |   2743 |   5 | 1380.0 |
               +--------+--------+--------+--------+--------+-----+--------+

Top non-repeatable levels by time:
     D:4: 2332 daAuts
     D:1: 1531 daAuts
     D:3: 1162 daAuts
     D:2: 1062 daAuts
     D:5: 812 daAuts

Table legend:
 A = Non-vault XP
 B = Vault XP
 C = Vault XP percentage of total XP
 D = Non-vault monster count
 E = Vault monster count
 F = Vault count percentage of total count
                 A         B        C        D         E       F
            +---------+---------+-------+---------+---------+-------
      Total |     840 |     263 |  23.8 |     114 |      21 |  15.6
            +---------+---------+-------+---------+---------+-------
        D:1 |      54 |      13 |  19.4 |      25 |       8 |  24.2
        D:2 |      54 |      59 |  52.2 |      16 |      10 |  38.5
        D:3 |      87 |      27 |  23.7 |      35 |       2 |   5.4
        D:4 |     428 |       0 |   0.0 |      28 |       0 |   0.0
        D:5 |     217 |     164 |  43.0 |      10 |       1 |   9.1
            +---------+---------+-------+---------+---------+-------
